 Dungeon Crawl Stone Soup version 0.30-a0-782-ge64f9170bb (webtiles) character file.

Game seed: 14402837000682744263

4841 mopl the Basher (level 10, -1/63 HPs)
             Began as a Gargoyle Fighter on Mar 12, 2023.
             Was an Elder of Okawaru.
             Killed from afar by an acid dragon (17 damage)
             ... with a splash of acid
             ... on level 8 of the Dungeon.
             The game lasted 00:09:23 (6996 turns).

mopl the Basher (Gargoyle Fighter)                  Turns: 6996, Time: 00:09:24

Health: -1/63      AC: 18    Str: 20    XL:     10   Next: 49%
Magic:  13/13      EV:  8    Int: 11    God:    Okawaru [****..]
Gold:   389        SH:  9    Dex: 17    Spells: 9/9 levels left

rFire   + . .      SeeInvis .    a - +3 hammer "Funn" {freeze, rN+ Will+ Int+2 Dex+4}
rCold   . . .      Faith    +    f - +0 kite shield
rNeg    + + +      Spirit   .    j - +0 chain mail
rPois   ∞          Reflect  .    x - +1 helmet
rElec   +          Harm     .    N - +2 cloak
rCorr   .          Rampage  .    p - +0 pair of gloves
Will    +....                    n - +0 pair of boots Stlth
                                 B - amulet of faith {!P}
HPRegen 0.30/turn                A - ring of protection from fire
MPRegen 0.13/turn                L - ring of positive energy

@: corroded
A: sickness immunity, AC +7, negative energy resistance 1, electricity
resistance, torment resistance 1, petrification resistance
a: Renounce Religion, Heroism, Finesse


You were on level 8 of the Dungeon.
You worshipped Okawaru.
Okawaru was greatly pleased with you.
You visited 2 branches of the dungeon, and saw 10 of its levels.

You collected 590 gold pieces.
You spent 201 gold pieces at shops.

Inventory:

Hand Weapons
 a - the +3 hammer "Funn" (weapon) {freeze, rN+ Will+ Int+2 Dex+4}
   (You found it on level 3 of the Dungeon)

   Int:       It affects your intelligence (+2).
   Dex:       It affects your dexterity (+4).
   rN:        It protects you from negative energy.
   Will:      It increases your willpower.
 r - a +2 dagger of electrocution
 w - a +0 flail
 y - a +3 mace of protection
 Q - a +1 dire flail
Missiles
 t - 8 boomerangs (quivered)
 z - 12 poisoned darts
 J - 3 atropa-tipped darts
 R - a curare-tipped dart
Armour
 f - a +0 kite shield (worn)
 j - a +0 chain mail (worn)
 n - a +0 pair of boots (worn)
 p - a +0 pair of gloves (worn)
 x - a +1 helmet (worn)
 D - a scarf of shadows
 E - an orb of mayhem
 N - a +2 cloak (worn)
Magical Staves
 u - a staff of fire
Jewellery
 A - a ring of protection from fire (left hand)
 B - an amulet of faith (around neck) {!P}
 L - a ring of positive energy (right hand)
Wands
 G - a wand of flame (33)
 O - a wand of charming (6)
Scrolls
 b - 3 scrolls of vulnerability {unknown}
 c - 4 scrolls of teleportation
 e - a scroll of silence {unknown}
 h - a scroll of immolation {unknown}
 i - 3 scrolls of noise {unknown}
 m - a scroll of poison {unknown}
 s - 2 scrolls of enchant weapon {unknown}
 v - a scroll of fog {unknown}
 F - a scroll of fear {unknown}
 M - a scroll of torment {!r}
Potions
 d - a potion of might
 g - a potion of haste
 k - a potion of magic
 l - 5 potions of curing
 o - 5 potions of heal wounds
 q - a potion of lignification {!q}
 C - a potion of mutation {!q}
 H - 2 potions of flight
 I - 2 potions of ambrosia
 K - 2 potions of brilliance {unknown}
 P - a potion of berserk rage {unknown}


   Skills:
 + Level 7.3 Fighting
 * Level 8.8 Maces & Flails
 + Level 3.4 Throwing
 + Level 7.3 Armour
 + Level 4.7 Dodging
 - Level 3.2 Shields
 + Level 4.3 Invocations
 + Level 3.4 Evocations


You had 9 spell levels left.
You didn't know any spells.
Your spell library contained the following spells:

 Spells                   Type           Power      Damage    Failure   Level
 Magic Dart               Conj           0%         1d3       100%        1
 Slow                     Hex            0%         N/A       100%        1
 Lesser Beckoning         Tloc           0%         N/A       100%        2
 Scorch                   Fire           0%         2d5       100%        2
 Searing Ray              Conj           0%         2d4       100%        2
 Confusing Touch          Hex            0%         N/A       100%        3
 Gell's Gravitas          Tloc           0%         N/A       100%        3
 Ignite Poison            Fire/Tmut/Pois 0%         N/A       100%        3
 Kindle Blastsparks       Fire/Tloc/Air  0%         2d10      100%        3
 Ozocubu's Armour         Ice            0%         N/A       100%        3
 Portal Projectile        Hex/Tloc       0%         N/A       100%        3
 Teleport Other           Tloc           0%         N/A       100%        3
 Vampiric Draining        Necr           0%         2d6       100%        3
 Flame Wave               Conj/Fire      0%         2d4       100%        4
 Fulminant Prism          Conj/Hex       0%         3d5       100%        4
 Iskenderun's Mystic Bla  Conj/Tloc      0%         2d3       100%        4
 Blade Hands              Tmut           0%         N/A       100%        5
 Freezing Cloud           Conj/Ice/Air   0%         6-21      100%        5
 Lee's Rapid Deconstruct  Erth           0%         3d4*      100%        5
 Eringya's Noxious Bog    Tmut/Pois      0%         N/A       100%        6
 Ozocubu's Refrigeration  Ice            0%         4d7       100%        7
 Tukima's Dance           Hex            Unusable   N/A       N/A         3
 Summon Forest            Summ/Tloc      Unusable   N/A       N/A         5
 Summon Cactus Giant      Summ           Unusable   N/A       N/A         6
 Summon Hydra             Summ           Unusable   N/A       N/A         7

Dungeon Overview and Level Annotations

Branches:
Dungeon (9/15)             Temple (1/1) D:4
   Lair: D:8-11         Orc: D:9-12

Altars:
Ashenzari
Cheibriados
Dithmenos
Elyvilon
Fedhas
Gozag
Kikubaaqudgha
Makhleb
Okawaru
Qazlal
Ru
Sif Muna
Trog
Uskayaw
Vehumet
Wu Jian
Xom
Yredelemnul
Zin
The Shining One

Shops:
D:8 *

Annotations:
D:6 bb


Innate Abilities, Weirdness & Mutations

You are immune to sickness and miasma.
Your stone body is resilient. (AC +7)
You are immune to poison.
You resist negative energy. (rN+)
You are resistant to electric shocks. (rElec)
You are resistant to unholy torment.
You are immune to petrification.


Message History

You hit the acid dragon but do no damage.
The acid dragon is heavily wounded.
You block the acid dragon's attack.
The acid dragon claws you but does no damage.
The acid dragon bites you but does no damage.
The acid dragon claws you but does no damage.
You hit the acid dragon but do no damage.
The acid dragon is heavily wounded.
The acid dragon bites you but does no damage.
The acid dragon claws you.
You sock the acid dragon! You freeze the acid dragon.
The acid dragon is severely wounded.
The acid dragon barely misses you. You block the acid dragon's attack.
You hit the acid dragon but do no damage.
The acid dragon is severely wounded.
The acid dragon bites you. The acid dragon barely misses you.
You barely miss the acid dragon.
The acid dragon is severely wounded.
The acid dragon spits acid at you. The splash of acid hits you!
You barely miss the acid dragon.
The acid dragon is severely wounded.
The acid dragon bites you. You block the acid dragon's attack.
You closely miss the acid dragon.
The acid dragon is severely wounded.
The acid dragon bites you!
* * * LOW HITPOINT WARNING * * *
The acid dragon claws you but does no damage.
You hit the acid dragon. You freeze the acid dragon.
The acid dragon is almost dead.
The acid dragon closely misses you.
The acid dragon claws you but does no damage.
The acid dragon bites you but does no damage.
The acid dragon claws you.
* * * LOW HITPOINT WARNING * * *
You completely miss the acid dragon.
The acid dragon is almost dead.
The acid dragon spits acid at you. The splash of acid hits you!
You die...

###.#####.......# #..##
#.......# ##..#
#.......# #########
##.###......^#
........# #.##....#####
.#...#..## #.##....#
..#.#....######.#.....#
...∩...#.........D....#
..#.#..#........@.....#
.#...#.#.........#....#
.......#.........#....#
#####.##.........######
#............#
####.........#
#.........#
#.........###
######.##...#


You could see an acid dragon (catching breath).

Vanquished Creatures
  Pikel (D:4)
  An ugly thing (D:9)
  Joseph (D:8)
  Maurice (D:8)
  Sigmund (D:4)
  A wyvern (D:9)
  3 yaks (D:8)
  2 steam dragons
  2 water moccasins
  An orc warrior (D:9)
  An ice beast (D:7)
  2 sky beasts
  A black bear (D:7)
  A centaur (D:8)
  An ogre (D:7)
  A lemure (D:3)
  A kobold brigand (D:9)
  Blork the orc (D:4)
  3 bullfrogs
  A scorpion (D:5)
  A necrophage (D:7)
  4 wights (D:9)
  2 electric eels (D:9)
  4 hounds
  Crazy Yiuf (D:3)
  2 gnoll boudas
  4 jellies
  Jessica (D:2)
  3 iguanas
  An orc wizard (D:8)
  Terence (D:3)
  Robin (D:3)
  15 gnolls
  10 adders
  A white imp (D:8)
  2 ufetubi (D:5)
  5 worms
  2 dart slugs
  12 orcs
  5 endoplasms
  3 giant cockroaches
  15 goblins
  8 hobgoblins
  4 jackals (D:1)
  6 kobolds
  7 quokkas
  7 ball pythons
  4 bats
  2 rats
160 creatures vanquished.

Vanquished Creatures (others)
  A fungus (D:3)
  2 plants (D:9)
3 creatures vanquished.

Grand Total: 163 creatures vanquished

Notes
Turn   | Place    | Note
-------+----------+-------------------------------------------
     0 | D:1      | mopl the Gargoyle Fighter began the quest for the Orb.
     0 | D:1      | Reached XP level 1. HP: 14/14 MP: 1/1
    52 | D:1      | Reached XP level 2. HP: 19/19 MP: 2/2
   817 | D:2      | Reached XP level 3. HP: 23/23 MP: 3/3
   967 | D:2      | Reached skill level 1 in Dodging
   996 | D:2      | Reached skill level 3 in Maces & Flails
  1023 | D:2      | Reached XP level 4. HP: 28/29 MP: 4/4
  1131 | D:2      | Noticed Jessica
  1143 | D:2      | Killed Jessica
  1442 | D:2      | Reached skill level 4 in Fighting
  1453 | D:2      | Reached skill level 4 in Armour
  1471 | D:2      | Reached XP level 5. HP: 33/33 MP: 5/5
  1806 | D:3      | Noticed Terence
  1830 | D:3      | Killed Terence
  2207 | D:4      | Found a bloodstained altar of Trog.
  2228 | D:4      | Found a shimmering altar of Xom.
  2257 | D:4      | Noticed Pikel
  2261 | D:4      | Noticed a lemure
  2263 | D:4      | Reached skill level 4 in Maces & Flails
  2271 | D:3      | Noticed Robin
  2278 | D:3      | HP: 1/33 [orc/+0 dagger (3)]
  2289 | D:3      | Reached XP level 6. HP: 27/38 MP: 6/6
  2321 | D:3      | Killed Robin
  2322 | D:3      | Found a broken altar of Ashenzari.
  2608 | D:3      | Reached skill level 2 in Dodging
  2729 | D:3      | Found a runed translucent door.
  2730 | D:3      | Noticed Crazy Yiuf
  2747 | D:3      | Killed Crazy Yiuf
  2752 | D:3      | Identified the +3 hammer "Funn" {freeze, rN+ Will+ Int+2
                  | Dex+4}
  2985 | D:4      | Killed Pikel
  2986 | D:4      | Reached skill level 5 in Fighting
  2986 | D:4      | Reached skill level 5 in Maces & Flails
  2986 | D:4      | Reached skill level 5 in Armour
  2986 | D:4      | Reached XP level 7. HP: 36/44 MP: 7/7
  3041 | D:4      | Found a sacrificial altar of Ru.
  3060 | D:4      | Found a staircase to the Ecumenical Temple.
  3086 | Temple   | Entered the Ecumenical Temple
  3227 | D:4      | Noticed Blork the orc
  3237 | D:4      | Killed Blork the orc
  3238 | D:4      | Reached skill level 3 in Dodging
  3238 | D:4      | Reached XP level 8. HP: 30/50 MP: 8/8
  3352 | D:4      | Noticed Sigmund
  3366 | D:4      | Killed Sigmund
  3367 | D:4      | Reached skill level 6 in Maces & Flails
  3454 | D:5      | Entered Level 5 of the Dungeon
  3536 | D:5      | Found an iron altar of Okawaru.
  3547 | D:5      | Became a worshipper of Warmaster Okawaru
  3914 | D:5      | Reached skill level 1 in Invocations
  4327 | D:6      | Reached skill level 6 in Fighting
  4327 | D:6      | Reached skill level 1 in Throwing
  4327 | D:6      | Reached skill level 1 in Evocations
  4366 | D:6      | Reached * piety under Okawaru
  4392 | D:6      | Reached skill level 6 in Armour
  4778 | D:7      | Reached skill level 7 in Maces & Flails
  4778 | D:7      | Reached skill level 2 in Invocations
  4778 | D:7      | Reached XP level 9. HP: 27/55 MP: 10/10
  5221 | D:7      | Reached skill level 4 in Dodging
  5221 | D:7      | Reached skill level 2 in Evocations
  5304 | D:7      | Reached ** piety under Okawaru
  5305 | D:7      | Reached skill level 2 in Throwing
  5495 | D:8      | Found Gilim's General Store.
  5505 | D:8      | Bought a scroll of teleportation for 39 gold pieces
  5505 | D:8      | Bought a scroll of torment for 123 gold pieces
  5505 | D:8      | Bought a potion of flight for 39 gold pieces
  5538 | D:8      | Noticed Joseph
  5572 | D:8      | Reached skill level 3 in Invocations
  5598 | D:8      | Killed Joseph
  5598 | D:8      | Reached *** piety under Okawaru
  5598 | D:8      | Received a gift from Okawaru
  5599 | D:8      | Reached skill level 8 in Maces & Flails
  5599 | D:8      | Reached XP level 10. HP: 29/61 MP: 12/12
  5838 | D:8      | Reached skill level 7 in Fighting
  5937 | D:8      | Noticed Maurice
  5953 | D:8      | Killed Maurice
  5954 | D:8      | Reached skill level 3 in Throwing
  5954 | D:8      | Reached skill level 7 in Armour
  5954 | D:8      | Reached skill level 3 in Evocations
  6312 | D:9      | Reached skill level 4 in Invocations
  6499 | D:9      | Found a shimmering blue altar of Sif Muna.
  6632 | D:9      | Reached **** piety under Okawaru
  6701 | D:9      | Noticed a cyan ugly thing
  6730 | D:9      | Killed a cyan ugly thing
  6996 | D:8      | Killed from afar by an acid dragon

Illustrated notes

Levels and vault maps discovered:
D:1:      dpeg_arrival_rhombi, layout_basic
D:2:      layout_basic, uniq_jessica
D:3:      layout_loops_cross, amcnicky_altar_gilded, uniq_robin, uniq_terence,
          uniq_crazy_yiuf_cottage
D:4:      layout_basic, mainiacjoe_overflow_alcove_4, kennysheep_little_box,
          nicolae_ru_sacrificial_ziggurat, temple_fountains, uniq_sigmund,
          uniq_blork_the_orc, uniq_pikel
D:5:      layout_loops_ring, mainiacjoe_overflow_brackets, serial_glass,
          glass_columns_a, glass_columns_c
D:6:      nicolae_whirlpool, layout_rooms, mainiacjoe_overflow_divided_tiny,
          minmay_misc_feat_nine_boxes
D:7:      layout_basic
D:8:      layout_basic, serial_shops, nicolae_shop_advertising_works
          [nicolae_subvault_shop_adworks], uniq_joseph, uniq_maurice
D:9:      layout_loops_corners, kennysheep_mini_moat, serial_bayou,
          serial_bayou_pond_a, serial_bayou_shore_a, serial_bayou_pond_c,
          serial_bayou_lagoon_b
Temple:   zaba_magenta_temple

Skill      XL: |  1  2  3  4  5  6  7  8  9 10 |
---------------+-------------------------------+-----
Dodging        | 1 2 3 4 |  4.7
Maces & Flails | 3 4 5 7 8 |  8.8
Fighting       | 4 5 6 7 |  7.3
Armour         | 4 5 6 7 |  7.3
Invocations    | 2 3 4 |  4.3
Throwing       | 1 2 3 |  3.4
Evocations     | 1 2 3 |  3.4
Shields        | |  3.2

Action                     |  1- 3 |  4- 6 |  7- 9 | 10-12 || total
---------------------------+-------+-------+-------+-------++-------
  Melee: Flail             |    89 |   199 |       |       ||   288
         Mace              |       |    59 |   235 |   141 ||   435
  Throw: Throwing net      |       |       |     1 |       ||     1
         Boomerang         |       |       |       |     6 ||     6
         Dart              |       |       |       |     4 ||     4
 Invoke: Heroism           |       |       |     1 |     1 ||     2
  Evoke: Wand              |       |       |       |     2 ||     2
    Use: Potion            |       |     2 |       |       ||     2
         Scroll            |       |       |     8 |     1 ||     9
   Stab: Held in net/web   |       |       |     1 |       ||     1
 Armour: Scale mail        |    18 |       |       |       ||    18
         Chain mail        |    38 |   269 |   128 |    78 ||   513
  Dodge: Dodged            |    22 |   100 |    84 |    38 ||   244
  Block: Buckler           |     5 |       |       |       ||     5
         Kite shield       |    42 |   166 |   110 |    71 ||   389

Table legend: (Time is in decaauts)
 A = Elapsed time spent in this place.
 B = Non-inter-level travel time spent in this place.
 C = Inter-level travel time spent in this place.
 D = Time resting spent in this place.
 E = Time spent auto-exploring this place.
 F = Levels seen in this place.
 G = Mean time per level.
                   A        B        C        D        E       F      G
               +--------+--------+--------+--------+--------+-----+--------+
         Total |   7220 |   6935 |    285 |   1163 |   4057 |  10 |  722.0 |
       Dungeon |   7146 |   6880 |    266 |   1163 |   4007 |   9 |  794.0 |
        Temple |     73 |     54 |     19 |      0 |     50 |   1 |   73.0 |
               +--------+--------+--------+--------+--------+-----+--------+

Top non-repeatable levels by time:
     D:3: 1334 daAuts
     D:9: 839 daAuts
     D:1: 824 daAuts
     D:2: 787 daAuts
     D:7: 734 daAuts
     D:8: 723 daAuts
     D:6: 685 daAuts
     D:5: 638 daAuts
     D:4: 578 daAuts
  Temple: 73 daAuts
